 Dungeon Crawl Stone Soup version 0.28.0-53-g5a82cb258f (webtiles) character file.

Game seed: 16461140575122115861

22659 cbfl8 the Severer (level 12, -8/166 HPs)
             Began as a Minotaur Berserker on Sept 5, 2022.
             Was a High Priest of Trog.
             Mangled by a 13-headed hydra (11 damage)
             ... on level 14 of the Dungeon on Sept 6, 2022.
             The game lasted 00:15:39 (11858 turns).

cbfl8 the Severer (Minotaur Berserker)             Turns: 11858, Time: 00:15:40

Health: -8/166     AC: 17    Str: 25    XL:     12   Next: 65%
Magic:  11/11      EV: 12    Int:  4    God:    Trog [*****.]
Gold:   1144       SH:  0    Dex: 20    Spells: 11/11 levels left

rFire   . . .      SeeInvis .   j - +7 battleaxe of Upheaval {vorpal, rPois Will+ Str+2}
rCold   . . .      Faith    .   (shield currently unavailable)
rNeg    + . .      Spirit   .   I - +1 plate armour {rN+}
rPois   +          Reflect  .   (helmet restricted)
rElec   .          Harm     .   t - scarf {repulsion}
rCorr   .          Rampage  .   F - +0 pair of gloves
Will    +....                   h - +0 pair of boots
Stlth   ..........              q - amulet of regeneration
HPRegen 1.17/turn               G - +6 ring of dexterity
MPRegen 0.12/turn               B - ring of flight

@: berserking, flying, studying Polearms, repel missiles, very quick
A: horns 2, retaliatory headbutt
a: Renounce Religion, Berserk, Trog's Hand, Brothers in Arms


You were on level 14 of the Dungeon.
You worshipped Trog.
Trog was extremely pleased with you.
You visited 2 branches of the dungeon, and saw 15 of its levels.
You also visited: Ossuary.

You collected 1190 gold pieces.
You spent 46 gold pieces at shops.

Inventory:

Hand Weapons
 j - the +7 battleaxe of Upheaval (weapon) {vorpal, rPois Will+ Str+2}
   (You acquired it on level 7 of the Dungeon)

   It inflicts extra damage upon your enemies.
   Str:       It affects your strength (+2).
   rPois:     It protects you from poison.
   Will:      It increases your willpower.
Armour
 h - a +0 pair of boots (worn)
 p - a +0 cloak
 t - a scarf of repulsion (worn)
 F - a +0 pair of gloves (worn)
 I - a +1 plate armour of positive energy (worn)
Jewellery
 n - a ring of positive energy
 q - an amulet of regeneration (around neck)
 B - a ring of flight (right hand)
 G - a +6 ring of dexterity (left hand)
Wands
 a - a wand of flame (34)
 y - a wand of mindburst (12)
 E - a wand of paralysis (1) (quivered)
Scrolls
 b - a scroll of noise
 c - a scroll of enchant armour
 d - 7 scrolls of fog
 g - a scroll of summoning
 k - a scroll of enchant weapon
 l - a scroll of immolation
 r - 3 scrolls of teleportation
 v - 2 scrolls of magic mapping
 x - 2 scrolls of fear
 C - 2 scrolls of blinking
Potions
 e - 3 potions of haste
 f - 3 potions of curing
 i - 4 potions of cancellation
 m - 3 potions of mutation {unknown}
 o - 4 potions of heal wounds
 s - 3 potions of flight {unknown}
 u - a potion of resistance {unknown}
 w - 3 potions of degeneration {unknown}
 z - 2 potions of might {unknown}
 A - a potion of attraction {unknown}
 D - 2 potions of lignification {unknown}


   Skills:
 * Level 11.7 Fighting
 * Level 17.2 Axes
 + Level 9.1 Armour
 * Level 8.4 Dodging
 + Level 2.3 Stealth
 * Level 6.6 Evocations


You had 11 spell levels left.
You didn't know any spells.
Your spell library was empty.

Dungeon Overview and Level Annotations

Branches:
Dungeon (14/15)            Temple (1/1) D:5            Lair (0/6) D:10
    Orc (0/2) D:11        Ossuary (visited)
 Vaults: D:13-14

Altars:
Ashenzari
Dithmenos
Fedhas
Hepliaklqana
Makhleb
Okawaru
Qazlal
Sif Muna
Trog
Xom
Yredelemnul
The Shining One

Shops:
D:2 *   D:5 ***   D:6 [   D:9 =   D:10 =*(!

Annotations:
D:9 6 transporters


Innate Abilities, Weirdness & Mutations

You have a pair of horns on your head.
You reflexively headbutt those who attack you in melee.


Message History

You closely miss the brown ugly thing. You slash the red ugly thing!
The brown ugly thing closely misses you.
You furiously retaliate!
You headbutt the brown ugly thing, but do no damage.
The 11-headed hydra bites you but does no damage.
The 11-headed hydra bites you. The 11-headed hydra bites you!
The 11-headed hydra barely misses you. The 11-headed hydra bites you!
The 11-headed hydra bites you but does no damage.
The 11-headed hydra bites you! x2
The 11-headed hydra bites you but does no damage.
The 11-headed hydra bites you. The 11-headed hydra misses you.
The red ugly thing basks in the mutagenic energy from its kin and changes!
You are too injured to fight recklessly!
Unknown command.
You are too injured to fight recklessly!
Unknown command.
You chop one of the 11-headed hydra's heads off!
The ten-headed hydra grows two more!
You slice the 12-headed hydra!! You headbutt the 12-headed hydra.
The 12-headed hydra is heavily wounded.
You slice the red ugly thing!! You slice the brown ugly thing!!
The red ugly thing trunk-slaps you.
You are engulfed in flames!!
* * * LOW HITPOINT WARNING * * *
The brown ugly thing barely misses you.
You slice the red ugly thing!!
You feel the power of Trog in you as your rage grows.
You kill the red ugly thing!
Trog accepts your kill.
You slash the purple ugly thing! You slash the brown ugly thing!
You hack one of the 12-headed hydra's heads off!
The 11-headed hydra grows two more!
You slash the 13-headed hydra! The 13-headed hydra bites you!
* * * LOW HITPOINT WARNING * * *
The 13-headed hydra bites you!
* * * LOW HITPOINT WARNING * * *
The 13-headed hydra bites you but does no damage. x2
The 13-headed hydra misses you. The 13-headed hydra bites you!
* * * LOW HITPOINT WARNING * * *
The 13-headed hydra closely misses you. The 13-headed hydra bites you!
You die...

.... #.# #...
...# .. .....
...###.. #....#
#.......
##....##.....
#...u......#
#...uD†...#
#.u@...#
##u#...# ###
####..# #.####
####.#...#
...#.##
##.#......#
......##
##......#..#
.......#
#......##..#
##....##
##....###..#
###....###....##
#..#


You could see a 13-headed hydra and 4 ugly things.

Vanquished Creatures
  Snorg (D:13)
  A hydra (D:11)
  A centaur warrior (D:13)
  5 two-headed ogres
  3 death yaks (D:10)
  Urug (D:13)
  Pikel (D:5)
  A harpy (shapeshifter) (D:13)
  A deep elf pyromancer (D:12)
  2 ugly things (D:14)
  A manticore (D:14)
  A cyclops (D:12)
  A gargoyle (D:11)
  A kobold demonologist (D:13)
  An unseen horror (D:12)
  A komodo dragon (D:6)
  2 trolls (D:11)
  Prince Ribbit (D:6)
  Grinder (D:5)
  A hornet (D:8)
  7 slime creatures (D:12)
  A wind drake (shapeshifter) (D:13)
  2 wraiths
  A wyvern (D:11)
  2 vampires
  10 yaks
  7 vampire mosquitoes
  2 steam dragons
  3 wargs (D:11)
  Duvessa (D:5)
  5 water moccasins
  2 orc warriors
  2 black bears
  2 ogres
  3 necrophages (D:8)
  13 centaurs
  4 boggarts (D:14)
  A kobold brigand (D:8)
  4 lemures (D:5)
  2 bullfrogs
  A gnoll sergeant (D:10)
  3 scorpions
  A water moccasin zombie (D:6)
  A wyvern skeleton (D:7)
  A water moccasin skeleton (D:5)
  Dowan (D:5)
  5 killer bees (D:7)
  A vampire bat (D:5)
  5 wights (D:8)
  8 howler monkeys
  4 centaur zombies
  A jelly (D:6)
  2 hounds
  A centaur skeleton (D:6)
  4 orc priests
  2 iguanas
  8 orc wizards
  2 hell rats (D:10)
  2 howler monkey zombies
  8 mummies (Ossuary)
  8 gnolls
  2 adders
  A river rat (D:10)
  A white imp (D:7)
  2 ufetubi
  A worm (D:2)
  A dart slug (D:3)
  3 fire bats (D:5)
  17 orcs
  2 spectral bats (D:5)
  3 bat skeletons (D:5)
  A bat zombie (D:5)
  8 endoplasms
  3 giant cockroaches
  12 goblins
  6 hobgoblins
  4 jackals (D:4)
  2 quokkas
  7 ball pythons
  15 bats
  A bat simulacrum (D:5)
  5 frilled lizards
  2 gnoll zombies (Ossuary)
  11 kobolds
  3 kobold zombies (Ossuary)
  3 orc zombies (Ossuary)
  A quokka skeleton (D:4)
  11 rats
299 creatures vanquished.

Vanquished Creatures (others)
  A kobold (D:8)
  A withered plant (D:8)
2 creatures vanquished.

Grand Total: 301 creatures vanquished

Notes
Turn   | Place    | Note
-------+----------+-------------------------------------------
     0 | D:1      | cbfl8 the Minotaur Berserker began the quest for the Orb.
     0 | D:1      | Reached XP level 1. HP: 19/19 MP: 0/0
   246 | D:1      | Reached XP level 2. HP: 24/27 MP: 1/1
   385 | D:1      | Reached skill level 4 in Axes
   810 | D:1      | Reached XP level 3. HP: 31/34 MP: 2/2
  1193 | D:2      | Reached skill level 1 in Evocations
  1336 | D:2      | Reached ** piety under Trog
  1713 | D:2      | Reached XP level 4. HP: 34/41 MP: 3/3
  1906 | D:2      | Found a faded altar of an unknown god.
  1935 | D:2      | Found Luiruzon's General Store.
  3215 | D:4      | Reached skill level 5 in Fighting
  3286 | D:4      | Noticed a scorpion
  3294 | D:4      | Killed a scorpion
  3295 | D:4      | Reached skill level 5 in Axes
  3295 | D:4      | Reached XP level 5. HP: 40/48 MP: 4/4
  3314 | D:4      | Reached *** piety under Trog
  3355 | D:4      | Found a bloodstained altar of Trog.
  3699 | D:4      | Reached XP level 6. HP: 56/56 MP: 5/5
  3803 | D:5      | Entered Level 5 of the Dungeon
  3808 | D:5      | Noticed Grinder
  3818 | D:5      | Killed Grinder
  3819 | D:5      | Reached skill level 6 in Axes
  3860 | D:5      | Found a staircase to the Ecumenical Temple.
  3942 | D:5      | Reached XP level 7. HP: 53/62 MP: 6/6
  4014 | D:5      | Noticed Dowan
  4014 | D:5      | Noticed Pikel
  4014 | D:5      | Noticed Duvessa
  4025 | D:5      | Killed Duvessa
  4026 | D:5      | Reached skill level 7 in Axes
  4029 | D:5      | Killed Pikel
  4030 | D:5      | Reached skill level 8 in Axes
  4030 | D:5      | Reached skill level 1 in Stealth
  4030 | D:5      | Reached XP level 8. HP: 35/71 MP: 7/7
  4034 | D:5      | Killed Dowan
  4052 | Temple   | Entered the Ecumenical Temple
  4104 | D:5      | Found Qakh's General Store.
  4112 | D:5      | Bought a scroll of identify for 22 gold pieces
  4127 | D:5      | Reached skill level 9 in Axes
  4160 | D:5      | Found Agust's General Store.
  4166 | D:5      | Found Fucaak's General Store.
  4168 | D:5      | Bought a scroll of identify for 24 gold pieces
  4208 | D:5      | Reached skill level 5 in Armour
  4776 | D:6      | Found a sand-covered staircase.
  4780 | Ossuary  | Entered an ossuary
  4787 | Ossuary  | Reached **** piety under Trog
  5203 | D:6      | Found Noury's Armour Boutique.
  5317 | D:6      | Reached XP level 9. HP: 78/78 MP: 8/8
  5346 | D:6      | Found a burning altar of Makhleb.
  5431 | D:6      | Reached skill level 5 in Dodging
  5485 | D:6      | Noticed a komodo dragon
  5492 | D:6      | Killed a komodo dragon
  5493 | D:6      | Reached skill level 10 in Axes
  5830 | D:6      | Noticed Prince Ribbit
  5841 | D:6      | Killed Prince Ribbit
  6102 | D:7      | Reached skill level 11 in Axes
  6529 | D:7      | Identified a scroll of acquirement
  6533 | D:7      | Acquired the +7 battleaxe of Upheaval {vorpal, rPois Will+
                  | Str+2}
  6638 | D:8      | Reached XP level 10. HP: 87/88 MP: 9/9
  6667 | D:8      | Found a shadowy altar of Dithmenos.
  6840 | D:8      | Reached skill level 12 in Axes
  6841 | D:8      | Reached ***** piety under Trog
  6893 | D:8      | Received a gift from Trog
  7064 | D:8      | Found a basalt altar of Yredelemnul.
  7068 | D:8      | Found a glowing golden altar of the Shining One.
  7071 | D:8      | Noticed an angel
  7100 | D:8      | Noticed a profane servitor
  7156 | D:9      | Found a transporter.
  7282 | D:9      | Found a transporter.
  7319 | D:9      | Reached skill level 5 in Evocations
  7326 | D:9      | Found a transporter.
  7329 | D:9      | Found a transporter.
  7414 | D:9      | Found a transporter.
  7420 | D:9      | Reached skill level 13 in Axes
  7449 | D:9      | Found a transporter.
  7473 | D:9      | Found a stormy altar of Qazlal.
  7488 | D:9      | Found a shimmering blue altar of Sif Muna.
  7514 | D:9      | Noticed a two-headed ogre
  7519 | D:9      | Killed a two-headed ogre
  7604 | D:9      | Found Goimyih's Jewellery Emporium.
  7720 | D:10     | Entered Level 10 of the Dungeon
  7822 | D:10     | Noticed a death yak
  7822 | D:10     | Noticed a two-headed ogre
  7822 | D:10     | Noticed a death yak
  7847 | D:10     | Killed a two-headed ogre
  7848 | D:10     | Reached skill level 14 in Axes
  7848 | D:10     | Reached XP level 11. HP: 29/97 MP: 10/10
  7849 | D:10     | Noticed a death yak
  7852 | D:10     | Killed a death yak
  8208 | D:10     | Killed a death yak
  8212 | D:10     | Killed a death yak
  8343 | D:10     | Found a staircase to the Lair.
  8494 | D:10     | Found a blossoming altar of Fedhas.
  8562 | D:10     | Noticed a two-headed ogre
  8566 | D:10     | Killed a two-headed ogre
  8567 | D:10     | Reached skill level 15 in Axes
  8595 | D:10     | Found a broken altar of Ashenzari.
  8779 | D:10     | Found Ytash's Weapon Shop.
  8789 | D:10     | Found Duti's Distillery.
  8790 | D:10     | Found Faqiriph's Assorted Antiques.
  8791 | D:10     | Found Tucieti's Jewellery Shop.
  8955 | D:11     | Found a staircase to the Orcish Mines.
  8960 | D:11     | Reached skill level 10 in Fighting
  9016 | D:11     | Noticed a five-headed hydra
  9021 | D:11     | Killed a seven-headed hydra
  9065 | D:11     | Noticed a two-headed ogre
  9071 | D:11     | Killed a two-headed ogre
 10123 | D:12     | Noticed a deep elf pyromancer
 10141 | D:12     | Killed a deep elf pyromancer
 10225 | D:12     | Reached skill level 16 in Axes
 10225 | D:12     | Reached XP level 12. HP: 108/108 MP: 11/11
 10927 | D:13     | Noticed Snorg
 10941 | D:13     | HP: 8/165 [Snorg (7)]
 10942 | D:13     | Killed Snorg
 11215 | D:13     | Noticed a centaur warrior
 11224 | D:13     | Killed a centaur warrior
 11319 | D:13     | Noticed a two-headed ogre
 11325 | D:13     | Killed a two-headed ogre
 11396 | D:13     | Noticed Urug
 11403 | D:13     | Killed Urug
 11621 | D:13     | Found a shimmering altar of Xom.
 11623 | D:13     | Found a shimmering altar of Xom.
 11623 | D:13     | Found a stormy altar of Qazlal.
 11625 | D:13     | Found a shimmering altar of Xom.
 11625 | D:13     | Found a shimmering altar of Xom.
 11625 | D:13     | Found a hazy altar of Hepliaklqana.
 11660 | D:14     | Noticed a six-headed hydra
 11662 | D:14     | Reached skill level 17 in Axes
 11846 | D:14     | Noticed an eight-headed hydra
 11858 | D:14     | HP: 3/166 [13-headed hydra (8)]
 11858 | D:14     | Mangled by a 13-headed hydra

Illustrated notes

Levels and vault maps discovered:
D:1:      roderic_lyre, layout_rooms, st_stairs_5
D:2:      layout_basic, serial_shops, shop, hellmonk_ecumenical_altar_blasted
D:3:      layout_basic, dk_noncrumbling_4
D:4:      layout_rooms, lemuel_doored_altar, grunt_ministairs_7
D:5:      layout_layer_cave, temple_doors_e, serial_shops, shop, shop,
          shop_statue, goddamned_bats, uniq_duvessa, uniq_grinder, uniq_pikel
D:6:      layout_loops_corners, kennysheep_mini_moat, serial_shops,
          nicolae_shop_waterfront, enter_ossuary_5, minmay_small_thing,
          uniq_prince_ribbit1
D:7:      layout_cave_pools
D:8:      layout_cave_pools, grunt_temple_overflow_holy_war,
          nicolae_dithmenos_through_a_glass_darkly, serial_undead,
          serial_undead_a, serial_undead_b, serial_undead_e, serial_undead_e,
          serial_undead_a
D:9:      layout_roguey, nicolae_qazlal_scattered_showers, led_sif_pool,
          serial_shops, shop, serial_nicolae_subway,
          nicolae_sub_station_crystal, nicolae_sub_station_stone,
          nicolae_sub_station_metal
D:10:     layout_irregular_city, nicolae_ashenzari_skybound,
          mainiacjoe_overflow_concentric_impassable, dpeg_lair_monsters,
          minmay_misc_feat_iff, minmay_shop_grid_forest
D:11:     layout_loops_cross, minmay_orc_entry_guard_dogs,
          kennysheep_generic_room_9
D:12:     layout_basic
D:13:     layout_long_grid, amcnicky_mini_corridor_feature, doesnt_xom_only_xom,
          uniq_urug, uniq_snorg
D:14:     layout_long_grid, skrybe_vaults_entry_preservation,
          infiniplex_staircase_pillars_1, nicolae_figureground_sparkle
Temple:   dshaligram_water_room_temple

Skill      XL: |  1  2  3  4  5  6  7  8  9 10 11 12 |
---------------+-------------------------------------+-----
Fighting       | 4 5 6 8 9 10 11 | 11.7
Axes           | 4 5 6 8 9 11 14 16 17 | 17.2
Evocations     | 1 2 3 4 5 6 |  6.6
Armour         | 3 4 5 6 8 9 |  9.1
Dodging        | 3 4 6 7 8 |  8.4
Stealth        | 1 2 |  2.3

Action                   |  1- 3 |  4- 6 |  7- 9 | 10-12 || total
-------------------------+-------+-------+-------+-------++-------
Melee: Hand axe          |    69 |   121 |       |       ||   190
       Headbutt          |     7 |    20 |    50 |    71 ||   148
       Punch             |     1 |     2 |     5 |       ||     8
       War axe           |       |     3 |   215 |       ||   218
       Battleaxe         |       |       |    23 |   287 ||   310
Invok: Berserk           |       |     3 |     3 |     8 ||    14
Evoke: Wand              |       |       |       |     4 ||     4
  Use: Scroll            |       |       |     9 |     8 ||    17
       Potion            |       |       |       |     1 ||     1
 Stab: Paralysed         |       |       |       |     7 ||     7
Armor: Animal skin       |     7 |       |       |       ||     7
       Leather armour    |       |     9 |       |       ||     9
       Ring mail         |       |    13 |       |       ||    13
       Chain mail        |       |    13 |   162 |    71 ||   246
       Plate armour      |       |       |       |    88 ||    88
Dodge: Dodged            |    34 |    85 |   126 |   204 ||   449
       Repelled          |       |       |       |     5 ||     5
